 Dungeon Crawl Stone Soup version 0.28.0-53-g5a82cb258f (webtiles) character file.

Game seed: 16658267446570720245

1707 ZappyNine the Covert (level 8, -11/42 HPs)
             Began as a Spriggan Enchanter on May 25, 2022.
             Was an Initiate of Sif Muna.
             Mangled by an ice beast (13 damage)
             ... on level 7 of the Dungeon.
             The game lasted 00:15:23 (9531 turns).

ZappyNine the Covert (Spriggan Enchanter)           Turns: 9531, Time: 00:15:23

Health: -11/42     AC:  5    Str:  6    XL:     8   Next: 73%
Magic:  12/18      EV: 17    Int: 17    God:    Sif Muna [......]
Gold:   207        SH:  0    Dex: 15    Spells: 14/19 levels left

rFire   . . .      SeeInvis +   n - +3 dagger (venom)
rCold   . . .      Faith    .   (no shield)
rNeg    . . .      Spirit   .   b - +1 robe
rPois   .          Reflect  .   g - +2 hat
rElec   .          Harm     .   (no cloak)
rCorr   .          Rampage  .   (gloves unavailable)
Will    +....                   (boots unavailable)
Stlth   +++++.....              (no amulet)
HPRegen 0.14/turn               (no ring)
MPRegen 0.16/turn               (no ring)

@: very quick
A: very small, no large weapons, unfitting armour, see invisible, speed 3
a: Renounce Religion


You were on level 7 of the Dungeon.
You worshipped Sif Muna.
Sif Muna was noncommittal.
You visited 2 branches of the dungeon, and saw 8 of its levels.

You collected 207 gold pieces.

Inventory:

Hand Weapons
 a - a +1 dagger
 n - a +3 dagger of venom (weapon)
Armour
 b - a +1 robe (worn)
 g - a +2 hat (worn)
Wands
 h - a wand of iceblast (10)
Scrolls
 j - a scroll of torment {unknown}
Potions
 c - a potion of haste {unknown}
 d - 2 potions of resistance {unknown}
 e - a potion of cancellation
 f - a potion of attraction {unknown}
 i - 2 potions of curing {unknown}
 k - a potion of lignification {unknown}


   Skills:
 + Level 4.3 Fighting
 - Level 3.1 Short Blades
 - Level 2.6 Dodging
 * Level 12.8 Stealth
 + Level 6.2 Spellcasting
 - Level 3.6 Hexes
 - Level 1.2 Ice Magic
 + Level 0.1 Invocations


You had 14 spell levels left.
You knew the following spells:

 Your Spells              Type           Power      Damage    Failure   Level
a - Ensorcelled Hibernat  Hex/Ice        26%        N/A       7%          2
b - Tukima's Dance        Hex            17%        N/A       9%          3

Your spell library contained the following spells:

 Spells                   Type           Power      Damage    Failure   Level
 Confusing Touch          Hex            17%        N/A       9%          3
 Dazzling Flash           Conj/Hex       22%        N/A       19%         3
 Ignite Poison            Fire/Tmut/Pois 5%         N/A       36%         3
 Mephitic Cloud           Conj/Pois/Air  5%         N/A       36%         3
 Freezing Cloud           Conj/Ice/Air   3%         6-21      96%         5


Dungeon Overview and Level Annotations

Branches:
Dungeon (7/15)             Temple (1/1) D:4

Altars:
Ashenzari
Cheibriados
Elyvilon
Fedhas
Gozag
Hepliaklqana
Kikubaaqudgha
Makhleb
Okawaru
Qazlal
Ru
Sif Muna
Trog
Uskayaw
Vehumet
Wu Jian
Xom
Yredelemnul
Zin
The Shining One

Shops:
D:6 :

Portals:
Abyss: D:4

Annotations:
D:4 2 transporters, Zeld's ghost, novice DECj
D:5 Grinder


Innate Abilities, Weirdness & Mutations

You are very small and have problems with some larger weapons.
You are too small for most types of armour.
You have supernaturally acute eyesight. (SInv)
You cover ground extremely quickly. (Speed+++)


Message History

You hit the howler monkey zombie.
The howler monkey zombie is lightly damaged.
You hit the howler monkey zombie.
The howler monkey zombie is moderately damaged.
The howler monkey zombie barely misses you.
You hit the howler monkey zombie.
The howler monkey zombie is moderately damaged.
The howler monkey zombie hits you but does no damage.
You hit the howler monkey zombie.
The howler monkey zombie is heavily damaged.
The howler monkey zombie misses you.
You hit the howler monkey zombie.
The howler monkey zombie is severely damaged.
The howler monkey zombie closely misses you.
You hit the howler monkey zombie.
The howler monkey zombie is almost destroyed.
The ice beast hits you but does no damage.
The howler monkey zombie misses you.
You hit the howler monkey zombie.
You destroy the howler monkey zombie!
Sif Muna accepts your kill. The ice beast barely misses you.
You start resting.
An ice beast is nearby!
The ice beast closely misses you.
You hit the ice beast.
The ice beast is lightly wounded.
The ice beast hits you. The ice beast freezes you.
You closely miss the ice beast.
The ice beast is lightly wounded.
The ice beast hits you.
* * * LOW HITPOINT WARNING * * *
The ice beast freezes you!
* * * LOW HITPOINT WARNING * * *
You hit the ice beast.
The ice beast is lightly wounded.
The ice beast hits you.
* * * LOW HITPOINT WARNING * * *
The ice beast freezes you!
You die...

####
####....
##......
#..≈≈≈≈
#..≈≈#
#..≈≈#
###..≈≈+
#.@Y(≈≈+
#.##.≈≈+
#.##.≈≈#
#....≈≈####≈
#.#[.≈≈≈≈≈≈≈
#.##........
#.######.###
#.# #.# #.#
#.#


You could see an ice beast.

Vanquished Creatures
  Pikel (D:4)
  Sigmund (D:2)
  A steam dragon (D:4)
  Duvessa (D:4)
  A necrophage (D:6)
  An ogre (D:4)
  A lemure (D:4)
  A bullfrog (D:4)
  A water moccasin zombie (D:5)
  A water moccasin skeleton (D:6)
  Dowan (D:4)
  A bullfrog zombie (D:5)
  An orc priest (D:6)
  3 iguanas
  2 orc wizards
  A killer bee zombie (D:7)
  A hound skeleton (D:5)
  A howler monkey zombie (D:7)
  4 gnolls
  A howler monkey skeleton (D:4)
  4 adders
  A shadow imp (D:5)
  A white imp (D:6)
  2 adder skeletons (D:4)
  A worm (D:5)
  A dart slug (D:4)
  16 orcs
  7 endoplasms
  A giant cockroach (D:1)
  8 goblins
  3 hobgoblins
  4 jackals (D:1)
  3 quokkas
  4 ball pythons
  6 bats
  3 frilled lizards
  5 kobolds
  5 rats (D:2)
101 creatures vanquished.

Vanquished Creatures (collateral kills)
  An orc wizard (D:5)
  A gnoll (D:7)
  5 orcs
7 creatures vanquished.

Vanquished Creatures (others)
  6 dancing weapons
  An orc wizard (D:7)
  A bat (D:2)
8 creatures vanquished.

Grand Total: 116 creatures vanquished

Notes
Turn   | Place    | Note
-------+----------+-------------------------------------------
     0 | D:1      | ZappyNine the Spriggan Enchanter began the quest for the
                  | Orb.
     0 | D:1      | Reached XP level 1. HP: 9/9 MP: 5/5
   412 | D:1      | Reached XP level 2. HP: 7/14 MP: 6/6
   587 | D:1      | Learned a level 2 spell: Ensorcelled Hibernation
   623 | D:1      | Reached skill level 5 in Stealth
  1368 | D:2      | Reached XP level 3. HP: 17/17 MP: 8/8
  1501 | D:2      | Noticed Sigmund
  2667 | D:2      | Killed Sigmund
  2668 | D:2      | Reached skill level 1 in Fighting
  2668 | D:2      | Reached skill level 7 in Stealth
  2668 | D:2      | Reached XP level 4. HP: 20/23 MP: 4/9
  2668 | D:2      | Reached XP level 5. HP: 23/26 MP: 4/10
  3211 | D:2      | Found a faded altar of an unknown god.
  4577 | D:3      | Reached skill level 1 in Ice Magic
  4927 | D:3      | Learned a level 3 spell: Tukima's Dance
  4933 | D:4      | Noticed Pikel
  4933 | D:4      | Noticed a lemure
  4935 | D:4      | Killed a lemure
  4936 | D:4      | Noticed a lemure
  4936 | D:4      | Noticed a lemure
  4940 | D:4      | Killed Pikel
  4941 | D:4      | Reached skill level 9 in Stealth
  4941 | D:4      | Reached XP level 6. HP: 32/32 MP: 8/13
  4941 | D:4      | Reached XP level 7. HP: 36/36 MP: 8/14
  5003 | D:4      | Found a transporter.
  5008 | D:4      | Found a transporter.
  5008 | D:4      | Noticed Zeld's ghost (novice DECj)
  5010 | D:4      | Found a one-way gate to the infinite horrors of the Abyss.
  5114 | D:4      | Noticed a steam dragon
  5154 | D:4      | Killed a steam dragon
  5155 | D:4      | Reached skill level 10 in Stealth
  5170 | D:4      | Noticed Dowan
  5171 | D:4      | Noticed Duvessa
  5639 | D:4      | Killed Duvessa
  5644 | D:4      | Killed Dowan
  5645 | D:4      | Reached XP level 8. HP: 40/40 MP: 7/16
  5739 | D:4      | Found an opulent altar of Gozag.
  5789 | D:4      | Reached skill level 11 in Stealth
  5789 | D:4      | Reached skill level 5 in Spellcasting
  6731 | D:4      | Found a staircase to the Ecumenical Temple.
  6739 | Temple   | Entered the Ecumenical Temple
  6888 | Temple   | Became a worshipper of Sif Muna the Loreminder
  6991 | D:5      | Entered Level 5 of the Dungeon
  7486 | D:5      | Noticed Grinder
  7517 | D:5      | Reached skill level 12 in Stealth
  8431 | D:6      | Found a sacrificial altar of Ru.
  8631 | D:6      | Found Tinovel's Book Boutique.
  9531 | D:7      | HP: 2/42 [ice beast (2)]
  9531 | D:7      | Mangled by an ice beast

Illustrated notes

Levels and vault maps discovered:
D:1:      matt_arrival_spirals, layout_basic
D:2:      layout_basic, shapermc_ecumenical_altar_ellora, minmay_pentomino_p2,
          uniq_sigmund
D:3:      layout_basic
D:4:      layout_loops_ring, marbit_many_paths, minmay_temple_entry_fiery,
          gammafunk_ghost_abyssal_escape, uniq_pikel, uniq_duvessa
D:5:      layout_cave_pods, uniq_grinder
D:6:      layout_layer_cave, general_overflow_altar, serial_shops, shop,
          minmay_misc_feat_ornament
D:7:      layout_loops_ring, enter_bailey_4
Temple:   mainiacjoe_temple_coin_purse

Skill      XL: |  1  2  3  4  5  6  7  8 |
---------------+-------------------------+-----
Stealth        | 5 7 9 10 12 | 12.8
Short Blades   | 3 |  3.1
Fighting       | 1 3 4 |  4.3
Ice Magic      | 1 |  1.2
Spellcasting   | 4 6 |  6.2
Dodging        | |  2.6
Hexes          | |  3.6
Invocations    | |  0.1

Action                   |  1- 3 |  4- 6 |  7- 9 || total
-------------------------+-------+-------+-------++-------
Melee: Dagger            |   102 |   109 |   245 ||   456
       Punch             |     1 |       |     3 ||     4
 Cast: Ensorcelled Hiber |    20 |    14 |    34 ||    68
       Tukima's Dance    |       |       |    18 ||    18
  Use: Scroll            |     1 |       |     6 ||     7
       Potion            |     1 |       |       ||     1
 Stab: Sleeping          |    17 |    16 |    20 ||    53
       Distracted        |       |       |     1 ||     1
Armor: Robe              |    18 |    16 |    25 ||    59
Dodge: Dodged            |    91 |    76 |   159 ||   326
